 Dungeon Crawl Stone Soup version 0.28-a0-1041-gaa9a639 (webtiles) character file.

Game seed: 8529849039643830348

180 HDogLeCool the Shield-Bearer (level 5, -5/38 (42) HPs)
             Began as a Demonspawn Fighter on Dec 8, 2021.
             Slain by a gnoll sergeant (6 damage)
             ... on level 2 of the Dungeon.
             The game lasted 00:05:32 (3155 turns).

HDogLeCool the Shield-Bearer (Demonspawn Fighter)   Turns: 3155, Time: 00:05:32

HP:   -5/38 (42)    AC: 14    Str: 18    XL:     5   Next: 33%
MP:   5/5           EV:  5    Int:  9    God:
Gold: 111           SH:  5    Dex: 13    Spells: 4/4 levels left

rFire   . . .      SeeInvis .   a - +0 trident
rCold   . . .      Faith    .   c - +0 buckler
rNeg    . . .      Spirit   .   p - +0 plate armour
rPois   .          Reflect  .   i - +0 helmet
rElec   .          Harm     .   n - scarf {+Inv}
rCorr   .          Rampage  .   (no gloves)
Will    .....                   (no boots)
Stlth   ..........              q - amulet of magic regeneration
HPRegen 0.12/turn               (no ring)
MPRegen 0.49/turn               (no ring)

@: drained
A: molten scales 1, powered by death 1
a: Evoke Invisibility


You were on level 2 of the Dungeon.
You visited 1 branch of the dungeon, and saw 3 of its levels.

You collected 111 gold pieces.

Inventory:

Hand Weapons
 a - a +0 trident (weapon)
Missiles
 f - 44 stones (quivered)
Armour
 b - a +0 scale mail
 c - a +0 buckler (worn)
 i - a +0 helmet (worn)
 n - a scarf of invisibility (worn)
 p - a +0 plate armour (worn)
Jewellery
 q - an amulet of magic regeneration (around neck)
Scrolls
 h - a scroll of noise {unknown}
 k - a scroll of immolation {unknown}
 l - a scroll of enchant armour {unknown}
 r - a scroll of blinking {unknown}
Potions
 e - a potion of resistance {unknown}
 g - a potion of brilliance {unknown}
 j - a potion of curing {unknown}
 m - a potion of ambrosia {unknown}
 o - 2 potions of heal wounds {unknown}


   Skills:
 + Level 3.7 Fighting
 * Level 3.5 Polearms
 + Level 2.7 Armour
 - Level 4.0 Shields


You had 4 spell levels left.
You didn't know any spells.
Your spell library contained the following spells:

 Spells                   Type           Power      Damage    Failure   Level
 Slow                     Hex            0%         N/A       100%        1
 Sublimation of Blood     Necr           0%         N/A       100%        2
 Wereblood                Tmut           0%         N/A       100%        2
 Confusing Touch          Hex            0%         N/A       100%        3
 Fulminant Prism          Conj/Hex       0%         3d6       100%        4
 Iskenderun's Mystic Bla  Conj/Tloc      0%         2d3       100%        4
 Leda's Liquefaction      Hex/Erth       0%         N/A       100%        4
 Passage of Golubria      Tloc           0%         N/A       100%        4
 Irradiate                Conj/Tmut      0%         3d13      100%        5
 Iron Shot                Conj/Erth      0%         9d1       100%        6
 Summon Hydra             Summ           0%         N/A       100%        7


Dungeon Overview and Level Annotations

Branches:
Dungeon (3/15)

Altars:


Innate Abilities, Weirdness & Mutations

You are partially covered in molten scales. (AC +2)
You regenerate a little health from kills.


Message History

The gnoll sergeant is lightly wounded.
You block the gnoll sergeant's attack.
You hit the gnoll sergeant.
The gnoll sergeant is moderately wounded.
The gnoll sergeant hits you with a +3 trident of protection.
You hit the gnoll sergeant but do no damage.
The gnoll sergeant is moderately wounded.
The gnoll sergeant hits you but does no damage.
You hit the gnoll sergeant.
The gnoll sergeant is moderately wounded.
The gnoll sergeant hits you with a +3 trident of protection.
The gnoll sergeant hits you but does no damage.
You climb upwards.
There is a stone staircase leading down here.
Okay, then.
You feel drained.
You fail to use your ability.
The gnoll sergeant hits you with a +3 trident of protection.
You hit the gnoll sergeant but do no damage.
The gnoll sergeant is moderately wounded.
The gnoll sergeant hits you with a +3 trident of protection!
* * * LOW HITPOINT WARNING * * *
You closely miss the gnoll sergeant.
The gnoll sergeant is moderately wounded.
The gnoll sergeant closely misses you.
The gnoll sergeant hits you but does no damage.
You hit the gnoll sergeant but do no damage.
The gnoll sergeant is moderately wounded.
The gnoll sergeant hits you with a +3 trident of protection!
* * * LOW HITPOINT WARNING * * *
You hit the gnoll sergeant.
The gnoll sergeant is heavily wounded.
The gnoll sergeant hits you with a +3 trident of protection.
* * * LOW HITPOINT WARNING * * *
You barely miss the gnoll sergeant.
The gnoll sergeant is heavily wounded.
The gnoll sergeant barely misses you.
You hit the gnoll sergeant but do no damage.
The gnoll sergeant is heavily wounded.
The gnoll sergeant hits you with a +3 trident of protection.
You die...

######## #########......#
#..<......####.# ......##..#
##.################ ..###.##..#
#..)@g............# ..# #.##..#
#..##############.# ..###.##..#
#..##############.# ..#....#..#
#..............##.# ..#.####..#
#.############.##.#
..........###.#####.#....#.##.#
..#.#####.#.........#.##.#.##.#
..#.....#.#.#)#####.#.##.#.##.#
..#...###.#...#####.#.##.#.##.#


You could see a gnoll sergeant.

Vanquished Creatures
  A jelly (D:3)
  2 adders (D:2)
  6 gnolls
  A worm (D:2)
  A dart slug (D:1)
  9 bats
  5 endoplasms
  4 giant cockroaches
  8 goblins
  7 hobgoblins
  A jackal (D:2)
  6 kobolds
  4 quokkas
  2 ball pythons (D:1)
  6 frilled lizards
  5 rats
68 creatures vanquished.

Notes
Turn   | Place    | Note
-------+----------+-------------------------------------------
     0 | D:1      | HDogLeCool the Demonspawn Fighter began the quest for the
                  | Orb.
     0 | D:1      | Reached XP level 1. HP: 18/18 MP: 1/1
    35 | D:1      | Gained mutation: You are partially covered in molten
                  | scales. (AC +2) [demonic ancestry]
    35 | D:1      | Reached XP level 2. HP: 18/24 MP: 2/2
    56 | D:1      | Reached skill level 3 in Shields
   189 | D:1      | Got the Handbook of Unstable Beguiling
   401 | D:1      | Reached XP level 3. HP: 29/29 MP: 3/3
  1141 | D:2      | Gained mutation: You regenerate a little health from kills.
                  | [demonic ancestry]
  1141 | D:2      | Reached XP level 4. HP: 22/35 MP: 4/4
  1380 | D:2      | Got the Papyrus of Ashen Battle Magic
  2333 | D:3      | Reached XP level 5. HP: 28/42 MP: 5/5
  2777 | D:3      | Reached skill level 4 in Shields
  3153 | D:2      | HP: 1/38 [gnoll sergeant (3)]
  3155 | D:2      | Slain by a gnoll sergeant

Illustrated notes

Levels and vault maps discovered:
D:1:      zaba_arrival_water, layout_basic, minmay_split_cup_large
D:2:      layout_basic, minmay_pentomino_q2
D:3:      layout_rooms, tgw_sif

Skill      XL: |  1  2  3  4  5 |
---------------+----------------+-----
Polearms       | 2 3 |  3.5
Shields        | 3 4 |  4.0
Fighting       | |  3.7
Armour         | |  2.7

Action                   |  1- 3 |  4- 6 || total
-------------------------+-------+-------++-------
Melee: Trident           |   152 |   124 ||   276
  Use: Potion            |     1 |     1 ||     2
Armor: Scale mail        |    70 |     2 ||    72
       Plate armour      |       |    58 ||    58
Dodge: Dodged            |    66 |    19 ||    85
Block: Buckler           |    24 |    18 ||    42

Table legend: (Time is in decaauts)
 A = Elapsed time spent in this place.
 B = Non-inter-level travel time spent in this place.
 C = Inter-level travel time spent in this place.
 D = Time resting spent in this place.
 E = Time spent auto-exploring this place.
 F = Levels seen in this place.
 G = Mean time per level.
                   A        B        C        D        E       F      G
               +--------+--------+--------+--------+--------+-----+--------+
         Total |   3213 |   3053 |    160 |    748 |   1673 |   3 | 1071.0 |
       Dungeon |   3213 |   3053 |    160 |    748 |   1673 |   3 | 1071.0 |
               +--------+--------+--------+--------+--------+-----+--------+

Top non-repeatable levels by time:
     D:2: 1736 daAuts
     D:1: 788 daAuts
     D:3: 689 daAuts
